 Dungeon Crawl Stone Soup version 0.26.1-11-gd32895ea62 (webtiles) character file.

Game seed: 15737958800368905482

8047 hawla the Destroyer (level 11, -7/96 HPs)
             Began as a White Draconian Conjurer on May 12, 2021.
             Was a Believer of Vehumet.
             Shot with a bolt by a yaktaur (26 damage)
             ... on level 11 of the Dungeon.
             The game lasted 00:33:14 (14300 turns).

hawla the Destroyer (White Draconian Conjurer)     Turns: 14300, Time: 00:33:14

Health: -7/96      AC: 12    Str: 18    XL:     11   Next: 4%
Magic:  20/20      EV: 14    Int: 22    God:    Vehumet [**....]
Gold:   665        SH:  0    Dex: 15    Spells: 9/22 levels left

rFire    . . .     SeeInvis .   A - +1 quarterstaff (spect)
rCold    + . .     Faith    .   (shield currently unavailable)
rNeg     . . .     Spirit   .   (armour unavailable)
rPois    .         Reflect  .   (helmet restricted)
rElec    .         Harm     .   t - +0 cloak
rCorr    .         Rampage  .   d - +1 pair of gloves
Will     +....                  n - +1 pair of boots
Stlth    ++........             (no amulet)
HPRegen  0.26/turn              k - +6 ring of strength
MPRegen  0.17/turn              f - +6 ring of dexterity

@: hasted, very quick
A: breathe frost, unfitting armour, cold resistance 1, strong-willed 1, robust
1, strong 1, cold-blooded, AC +7
a: Breathe Frost, Renounce Religion


You were on level 11 of the Dungeon.
You worshipped Vehumet.
Vehumet was pleased with you.
You visited 2 branches of the dungeon, and saw 12 of its levels.

You collected 665 gold pieces.

Inventory:

Hand Weapons
 A - a +1 spectral quarterstaff (weapon)
Missiles
 g - 73 poisoned darts (quivered)
 v - 7 boomerangs
 B - 6 curare-tipped darts
Armour
 d - a +1 pair of gloves (worn)
 n - a +1 pair of boots (worn)
 t - a +0 cloak (worn)
Magical Staves
 y - an uncursed staff of death
Jewellery
 f - a +6 ring of dexterity (right hand)
 k - a +6 ring of strength (left hand)
 o - an uncursed ring of poison resistance
 r - a +4 ring of protection
Wands
 b - a wand of disintegration (23)
 c - a wand of random effects (22)
 j - a wand of enslavement (7)
 l - a wand of iceblast (4)
 x - a wand of paralysis (18)
Scrolls
 a - 10 scrolls of remove curse
 h - a scroll of brand weapon
 m - a scroll of identify
 q - 6 scrolls of teleportation
 u - 4 scrolls of magic mapping
 z - a scroll of amnesia
 C - a scroll of fog {unknown}
 D - a scroll of acquirement {unknown}
Potions
 e - a potion of flight
 i - 3 potions of curing
 p - a potion of degeneration {unknown}
 s - a potion of berserk rage {unknown}


   Skills:
 + Level 5.5 Fighting
 + Level 6.4 Staves
 - Level 1.0 Throwing
 - Level 4.0 Dodging
 - Level 2.0 Stealth
 + Level 6.3 Spellcasting
 + Level 9.3 Conjurations
 - Level 5.0 Translocations
 + Level 6.6 Ice Magic
 + Level 3.7 Air Magic
 - Level 4.0 Evocations


You had 9 spell levels left.
You knew the following spells:

 Your Spells              Type           Power        Failure   Level
a - Magic Dart            Conj           100%         1%          1
b - Searing Ray           Conj           94%          1%          2
c - Iskenderun's Mystic   Conj/Tloc      38%          4%          4
d - Freezing Cloud        Conj/Ice/Air   17%          67%         6

Your spell library contained the following spells:

 Spells                   Type           Power        Failure   Level
 Foxfire                  Conj/Fire      100%         1%          1
 Conjure Flame            Conj/Fire      27%          4%          3
 Dazzling Flash           Conj/Hex       54%          4%          3
 Mephitic Cloud           Conj/Pois/Air  26%          4%          3
 Poisonous Vapours        Pois/Air       30%          6%          2
 Corona                   Hex            6%           9%          1
 Portal Projectile        Hex/Tloc       34%          10%         3
 Slow                     Hex            6%           13%         2
 Fulminant Prism          Conj/Hex       13%          13%         4
 Inner Flame              Hex/Fire       6%           26%         3
 Cause Fear               Hex            3%           65%         4
 Leda's Liquefaction      Hex/Erth       3%           65%         4


Dungeon Overview and Level Annotations

Branches:
Dungeon (11/15)            Temple (1/1) D:7            Lair (0/6) D:8
    Orc (0/2) D:9

Altars:
Ashenzari
Cheibriados
Dithmenos
Elyvilon
Fedhas
Gozag
Hepliaklqana
Kikubaaqudgha
Makhleb
Nemelex Xobeh
Okawaru
Qazlal
Ru
Sif Muna
Trog
Uskayaw
Vehumet
Wu Jian
Xom
Yredelemnul
Zin
The Shining One
Beogh

Annotations:
D:8 3 runed translucent doors, Golfball's ghost, novice GrEE; Tauromancer's ghost, novice TrMo; Tirrikindir's ghost, journeyman OpFi; buriedalive's ghost, novice DECj
D:9 1 runed translucent door, Dogology's ghost, novice PaFi


Innate Abilities, Weirdness & Mutations

You can breathe waves of freezing cold.
You can buffet flying creatures when you breathe cold.
Your icy white scales are hard. (AC +7)
You cannot fit into any form of body armour.
Your flesh is cold resistant. (rC+)
You are cold-blooded and may be slowed by cold attacks.
You are strong-willed. (Will+)
You are robust. (+10% HP)
Your muscles are strong. (Str +2)


Message History

The yaktaur shouts!
The yaktaur wields a +0 arbalest.
The yaktaur shoots a bolt.
The bolt hits you!!
The yaktaur shouts!
You hear a shout!
You see here a bolt.
A yaktaur comes into view.
The yaktaur wields a +0 arbalest.
The yaktaur shoots a bolt.
The bolt hits you!!
The yaktaur wields a +2 arbalest of freezing.
It is covered in frost.
The yaktaur shoots a bolt.
The bolt hits you!!
* * * LOW HITPOINT WARNING * * *
The bolt freezes you.
* * * LOW HITPOINT WARNING * * *
The yaktaur shoots a bolt.
The bolt closely misses you.
Found an embroidered scarf.
You see here 2 bolts.
Okay, then.
You feel yourself speed up.
The yaktaur shoots a bolt.
The bolt barely misses you.
The yaktaur shoots a bolt.
The bolt hits you!!
You die...

#...########.... #...#
.......[... #...#
.......... #...########
......cc.. ##...........
.....cc.. .............
......... ####...######
#........ ####...#
#.....:..
.......#########@.......
...............(........
..............((........
#####.###########..#####
#.# ..# #.###########..#
#####.....)..†......
.....................
################# ###


You could see 4 yaktaurs.

Vanquished Creatures
  2 two-headed ogres
  An ogre mage (D:10)
  Pikel (D:8)
  A cyclops (D:10)
  Maurice (D:8)
  A gargoyle (D:10)
  A hornet (D:10)
  Grinder (D:3)
  Sigmund (D:2)
  A shadow (D:11)
  A water moccasin (D:9)
  3 ice beasts
  A necrophage (D:10)
  5 orc warriors
  A phantom (D:7)
  2 sky beasts
  A black bear (D:6)
  6 centaurs
  3 ogres
  Blork the orc (D:4)
  2 big kobolds
  4 bullfrogs
  2 scorpions
  5 wights (D:11)
  A howler monkey (D:6)
  2 bullfrog zombies
  A quasit (D:9)
  A jelly (D:10)
  A centaur skeleton (D:4)
  4 orc priests
  3 hounds
  2 bullfrog skeletons
  An iguana (D:9)
  6 worker ants
  Ijyb (D:3)
  10 orc wizards
  Natasha (thrice) (D:2)
  A hound zombie (D:5)
  A hound skeleton (D:8)
  A worker ant zombie (D:9)
  8 adders
  2 shadow imps (D:10)
  A white imp (D:8)
  2 ufetubi (D:8)
  2 oozes
  2 worms
  3 dart slugs (D:1)
  7 leopard geckos
  38 orcs
  5 bats
  5 giant cockroaches
  10 hobgoblins
  5 jackals (D:1)
  32 kobolds
  4 quokkas
  A ball python (D:2)
  3 frilled lizards
  7 goblins
  A jackal skeleton (D:4)
  A leopard gecko skeleton (D:6)
  2 quokka skeletons
  9 rats
237 creatures vanquished.

Vanquished Creatures (others)
  2 fungi
  20 plants
  5 toadstools (D:5)
  A withered plant (D:8)
28 creatures vanquished.

Grand Total: 265 creatures vanquished

Notes
Turn   | Place    | Note
-------+----------+-------------------------------------------
     0 | D:1      | hawla the Draconian Conjurer began the quest for the Orb.
     0 | D:1      | Reached XP level 1. HP: 14/14 MP: 3/3
   409 | D:1      | Reached XP level 2. HP: 19/22 MP: 3/5
   609 | D:1      | Learned a level 2 spell: Searing Ray
   829 | D:1      | Reached skill level 1 in Fighting
   965 | D:1      | Reached XP level 3. HP: 28/28 MP: 2/6
  1192 | D:1      | Reached skill level 1 in Translocations
  1301 | D:2      | Found an ornate altar of the Wu Jian Council.
  1645 | D:2      | Found a faded altar of an unknown god.
  1880 | D:2      | Noticed Natasha
  1884 | D:2      | Killed Natasha
  1885 | D:2      | Reached XP level 4. HP: 32/35 MP: 3/7
  1892 | D:2      | Learned a level 4 spell: Iskenderun's Mystic Blast
  2025 | D:2      | Noticed Sigmund
  2030 | D:2      | Killed Sigmund
  2031 | D:2      | Reached XP level 5. HP: 30/42 MP: 0/9
  2411 | D:2      | Noticed Natasha
  2413 | D:2      | Killed Natasha
  2613 | D:2      | Noticed Natasha
  2621 | D:2      | Killed Natasha
  2622 | D:2      | Reached XP level 6. HP: 44/50 MP: 0/10
  3193 | D:3      | Found a white marble altar of Elyvilon.
  3401 | D:3      | Noticed Grinder
  3410 | D:3      | Paralysed by Grinder for 2 turns
  3417 | D:3      | Killed Grinder
  3418 | D:3      | Reached skill level 5 in Conjurations
  3746 | D:3      | Noticed Ijyb
  3755 | D:3      | Killed Ijyb
  3756 | D:3      | Your scales start taking on an icy white colour.
  3756 | D:3      | Reached XP level 7. HP: 56/57 MP: 0/12
  3756 | D:3      | Gained mutation: Your flesh is cold resistant. (rC+) [White
                  | Draconian growth]
  4288 | D:4      | Found a broken altar of Ashenzari.
  4522 | D:4      | Found a burning altar of Makhleb.
  4608 | D:4      | Noticed Blork the orc
  4616 | D:4      | Killed Blork the orc
  5058 | D:4      | Reached skill level 6 in Conjurations
  5182 | D:5      | Entered Level 5 of the Dungeon
  5216 | D:5      | Found an opulent altar of Gozag.
  6070 | D:6      | Reached skill level 1 in Ice Magic
  6234 | D:6      | Found an ancient bone altar of Kikubaaqudgha.
  6239 | D:6      | Found a glowing silver altar of Zin.
  6292 | D:6      | Reached skill level 1 in Staves
  6292 | D:6      | Reached skill level 1 in Throwing
  6292 | D:6      | Reached skill level 1 in Evocations
  6292 | D:6      | Reached XP level 8. HP: 36/63 MP: 1/14
  6586 | D:6      | Learned a level 6 spell: Freezing Cloud
  7283 | D:6      | Found a blossoming altar of Fedhas.
  7606 | D:5      | Gained mutation: You are robust. (+10% HP) [potion of
                  | mutation]
  7606 | D:5      | Gained mutation: Your muscles are strong. (Str +2) [potion
                  | of mutation]
  7606 | D:5      | Gained mutation: You are strong-willed. (Will+) [potion of
                  | mutation]
  8387 | D:7      | Found a shimmering altar of Xom.
  8389 | D:7      | Found a shimmering altar of Xom.
  8415 | D:7      | Found a staircase to the Ecumenical Temple.
  8432 | Temple   | Entered the Ecumenical Temple
  8557 | Temple   | Became a worshipper of Vehumet
  8610 | D:7      | Found a shimmering altar of Xom.
  8610 | D:7      | Found a shimmering altar of Xom.
  8611 | D:7      | Found a shimmering altar of Xom.
  8611 | D:7      | Found a shimmering altar of Xom.
  8611 | D:7      | Found a shimmering altar of Xom.
  8614 | D:7      | Found a shimmering altar of Xom.
  9260 | D:8      | Reached XP level 9. HP: 24/78 MP: 3/16
  9507 | D:8      | Reached skill level 5 in Spellcasting
  9513 | D:8      | Reached skill level 7 in Conjurations
  9579 | D:8      | Noticed Maurice
  9600 | D:8      | Killed Maurice
  9601 | D:8      | Reached skill level 5 in Translocations
  9821 | D:8      | Noticed Pikel
  9833 | D:8      | Killed Pikel
  9834 | D:8      | Reached skill level 1 in Air Magic
 10155 | D:8      | Found a hide-covered altar of Uskayaw.
 10193 | D:8      | Reached * piety under Vehumet
 10193 | D:8      | Offered knowledge of Freeze by Vehumet.
 10325 | D:8      | Found a staircase to the Lair.
 10531 | D:8      | Found a runed translucent gate.
 10531 | D:8      | Found a runed translucent gate.
 10531 | D:8      | Found a runed translucent gate.
 10532 | D:8      | Noticed Tauromancer's ghost (novice TrMo)
 10535 | D:8      | Noticed Tirrikindir's ghost (journeyman OpFi)
 10536 | D:8      | Noticed buriedalive's ghost (novice DECj)
 10540 | D:8      | Noticed Golfball's ghost (novice GrEE)
 10727 | D:9      | Found a staircase to the Orcish Mines.
 10748 | D:9      | Found a roughly hewn altar of Beogh.
 10941 | D:9      | Identified the cursed +1 robe "Rotru" {rElec}
 10960 | D:9      | Reached skill level 5 in Fighting
 11183 | D:9      | Reached XP level 10. HP: 89/89 MP: 18/18
 11258 | D:9      | Found a shadowy altar of Dithmenos.
 11501 | D:9      | Found a runed translucent door.
 11502 | D:9      | Noticed Dogology's ghost (novice PaFi)
 11503 | D:9      | Identified the +1 trident of Extinguishment {drain, Dex+3}
 11526 | D:10     | Entered Level 10 of the Dungeon
 11542 | D:10     | Noticed an ogre mage
 11546 | D:10     | Noticed a cyclops
 11550 | D:10     | Paralysed by a hornet for 1 turns
 12015 | D:10     | Noticed a two-headed ogre
 12022 | D:10     | Killed a two-headed ogre
 12023 | D:10     | Reached skill level 5 in Staves
 12023 | D:10     | Reached skill level 5 in Ice Magic
 12186 | D:10     | Killed a cyclops
 12187 | D:10     | Reached skill level 8 in Conjurations
 12212 | D:10     | Paralysed by a hornet for 1 turns
 12221 | D:10     | Reached ** piety under Vehumet
 12221 | D:10     | Offered knowledge of Foxfire by Vehumet.
 12656 | D:10     | Killed an ogre mage
 12657 | D:10     | Reached skill level 9 in Conjurations
 12988 | D:10     | Noticed a gargoyle
 13004 | D:10     | Killed a gargoyle
 13931 | D:11     | Noticed a two-headed ogre
 13937 | D:11     | Killed a two-headed ogre
 13938 | D:11     | Reached XP level 11. HP: 65/96 MP: 6/20
 14300 | D:11     | Shot with a bolt by a yaktaur

Illustrated notes

Levels and vault maps discovered:
D:1:      shiori_arrival_oz, layout_loops_cross, serial_park_tiny_pond
D:2:      layout_basic, nzn_wu_jian_council_hall,
          chequers_ecumenical_altar_lobes, uniq_natasha, uniq_sigmund
D:3:      layout_loops_ring, lemuel_round_altar, uniq_ijyb, uniq_grinder
D:4:      layout_basic, bloody_makhleb, evilmike_ruin_ashenzari,
          uniq_blork_the_orc
D:5:      lemuel_ice_spiral_2, layout_basic, lemuel_round_altar,
          minmay_gold_behind_fungi, minmay_fountain_box, serial_bayou_lagoon_a,
          kennysheep_crisscross
D:6:      kennysheep_kobold_camp, layout_loops_ring, kennysheep_mini_moat,
          grunt_temple_overflow_open, serial_bayou, serial_bayou_shore_b,
          serial_bayou_pond_d
D:7:      layout_loops_ring, xom_shifter_show, minmay_temple_entry_glassed_door
D:8:      layout_cave_pools, old_standard_altar, lair_entry_dummy,
          gammafunk_ghost_cemetery, uniq_maurice, uniq_pikel
D:9:      layout_rooms, lemuel_round_altar, minmay_orc_entry_temple_small,
          ebering_ghost_funeral_grove
D:10:     minmay_curly_fans, layout_loops_ring
D:11:     layout_long_grid, roderic_roman_lattice, nicolae_tso_carved_into_rock
Temple:   jpeg_temple_clearing

Skill      XL: |  1  2  3  4  5  6  7  8  9 10 |
---------------+-------------------------------+-----
Stealth        | 2 |  2.0
Dodging        | 2 3 4 |  4.0
Fighting       | 1 2 3 4 5 |  5.5
Translocations | 1 2 3 4 5 |  5.0
Spellcasting   | 3 4 5 6 |  6.3
Conjurations   | 5 6 7 9 |  9.3
Ice Magic      | 1 3 4 6 |  6.6
Staves         | 1 2 4 6 |  6.4
Throwing       | 1 |  1.0
Evocations     | 1 2 4 |  4.0
Air Magic      | 2 3 |  3.7

Action                   |  1- 3 |  4- 6 |  7- 9 | 10-12 || total
-------------------------+-------+-------+-------+-------++-------
Melee: Unarmed           |    33 |     4 |       |       ||    37
       Tailslap          |     5 |       |    31 |    11 ||    47
       Quarterstaff      |       |     4 |   254 |    61 ||   319
Throw: Dart              |       |       |     4 |     4 ||     8
       Boomerang         |       |       |     2 |       ||     2
 Cast: Magic Dart        |    31 |     7 |     1 |     4 ||    43
       Searing Ray       |    18 |    29 |    30 |    16 ||    93
       Iskenderun's Myst |       |     1 |    37 |    17 ||    55
  Use: Scroll            |     2 |       |    14 |     5 ||    21
       Potion            |       |     3 |     7 |     3 ||    13
 Stab: Sleeping          |       |       |     1 |     1 ||     2
       Distracted        |       |       |     2 |     1 ||     3
Armor: Skin              |    18 |    12 |   155 |    21 ||   206
Dodge: Dodged            |    34 |    23 |   271 |    56 ||   384
